 Dungeon Crawl Stone Soup version 0.31-a0-845-g9abc20d24f (webtiles) character file.

Game seed: 17319244228428484884

354 randomguy2701 the Magician (level 6, 0/44 HPs)
             Began as a Gnoll Wanderer on Oct 1, 2023.
             Was a Believer of Wu Jian.
             Killed from afar by Ijyb (10 damage)
             ... with a bolt of light
             ... on level 4 of the Dungeon.
             The game lasted 00:04:38 (4301 turns).

randomguy2701 the Magician (Gnoll Wanderer)         Turns: 4301, Time: 00:04:39

Health: 0/44       AC:  9    Str: 13    XL:     6   Next: 62%
Magic:  8/16       EV: 11    Int: 13    God:    Wu Jian [**....]
Gold:   222        SH:  0    Dex: 10    Spells: 18/19 levels left

rFire   . . .        a - +0 club
rCold   . . .        (no shield)
rNeg    . . .        c - +0 ring mail
rPois   .            (no helmet)
rElec   .            u - +0 cloak
rCorr   .            (no gloves)
SInv    .            s - +0 pair of boots
Will    .....        (no amulet)
Stlth   +            (no ring)
HPRegen 0.27/turn    (no ring)
MPRegen 0.15/turn

%: no passive effects
@: very slightly contaminated
A: fangs 1, strong nose, distributed training
a: Renounce Religion, Wall Jump


You were on level 4 of the Dungeon.
You worshipped Wu Jian.
Wu Jian was pleased with you.
You visited 1 branch of the dungeon, and saw 5 of its levels.

You collected 222 gold pieces.

Inventory:

Hand Weapons
 a - a +0 club (weapon)
Armour
 c - a +0 ring mail (worn)
 s - a +0 pair of boots (worn)
 u - a +0 cloak (worn)
Wands
 h - a wand of paralysis (4)
Scrolls
 b - a scroll of blinking
 d - a scroll of enchant weapon {unknown}
 e - a scroll of brand weapon {unknown}
 f - 5 scrolls of identify {unknown}
 g - a scroll of acquirement {unknown}
 l - a scroll of noise {unknown}
 m - 2 scrolls of poison {unknown}
 o - 2 scrolls of amnesia {unknown}
 t - a scroll of immolation {unknown}
 v - a scroll of revelation {unknown}
Potions
 i - a potion of heal wounds {unknown}
 j - a potion of brilliance {unknown}
 k - 3 potions of attraction {unknown}
 n - a potion of haste {unknown}
 p - a potion of degeneration {unknown}
 q - a potion of curing {unknown}
 r - 3 potions of invisibility {unknown}


   Skills:
 + Level 2.1 Fighting
 + Level 2.1 Short Blades
 + Level 2.1 Long Blades
 + Level 2.1 Axes
 + Level 2.1 Maces & Flails
 + Level 2.1 Polearms
 + Level 2.1 Staves
 + Level 2.1 Ranged Weapons
 + Level 3.3 Throwing
 + Level 6.9 Armour
 + Level 2.1 Dodging
 + Level 2.1 Stealth
 + Level 2.1 Shields
 + Level 2.1 Unarmed Combat
 + Level 7.4 Spellcasting
 + Level 1.6 Conjurations
 + Level 1.6 Hexes
 + Level 1.6 Summonings
 + Level 1.6 Necromancy
 + Level 1.6 Translocations
 + Level 1.6 Transmutations
 + Level 1.6 Fire Magic
 + Level 1.6 Ice Magic
 + Level 1.6 Air Magic
 + Level 2.7 Earth Magic
 + Level 1.6 Poison Magic
 + Level 3.5 Invocations
 + Level 2.1 Evocations
 + Level 1.9 Shapeshifting


You had 18 spell levels left.
You knew the following spells:

 Your Spells              Type           Power      Damage    Failure   Level
a - Sandblast             Erth           22%        2d7       9%          1

Your spell library contained the following spells:

 Spells                   Type           Power      Damage    Failure   Level
 Freeze                   Ice            36%        1d5       14%         1
 Necrotise                Necr           36%        1d5       14%         1
 Summon Small Mammal      Summ           36%        N/A       14%         1
 Cigotuvi's Dreadful Rot  Necr/Pois/Air  18%        N/A       22%         2
 Stone Arrow              Conj/Erth      20%        3d8       34%         3
 Call Canine Familiar     Summ           9%         N/A       38%         3
 Dazzling Flash           Conj/Hex       18%        N/A       38%         3
 Frozen Ramparts          Ice            18%        1d3       38%         3
 Hailstorm                Conj/Ice       9%         3d4       38%         3
 Ignite Poison            Fire/Tmut/Pois 9%         N/A       38%         3
 Sigil of Binding         Hex            9%         N/A       38%         3
 Summon Guardian Golem    Hex/Summ       9%         N/A       38%         3
 Freezing Cloud           Conj/Ice/Air   4%         6-21      98%         5


Dungeon Overview and Level Annotations

Branches:
Dungeon (5/15)
 Temple: D:4-7

Altars:
Fedhas
Nemelex Xobeh
Qazlal
Ru
Wu Jian
Zin

Annotations:
D:4 Ijyb
D:5 Blork the orc


Innate Abilities, Weirdness & Mutations

You have very sharp teeth.
Your uncanny sense of smell can sniff out nearby items.
Your experience applies equally to all skills.


Message History

Casting: Sandblast (safe; 9% risk of failure)
Confirm with . or Enter, or press ? or * to list all spells.
Aiming: Sandblast (safe; 9% risk of failure)
Press: ? - help, Shift-Dir - straight line, f/p - Ijyb
Aim: Ijyb, wielding a +2 dagger of speed, wearing a +0 leather armour and carrying a wand of light (lightly wounded, 77% to hit)
The blast of sand hits Ijyb.
Ijyb is lightly wounded.
Ijyb hits you with a +2 dagger of speed.
Ijyb hits you but does no damage.
Ijyb screams, "Get away!"
Ijyb closely misses you.
Casting: Sandblast (safe; 9% risk of failure)
Confirm with . or Enter, or press ? or * to list all spells.
Aiming: Sandblast (safe; 9% risk of failure)
Press: ? - help, Shift-Dir - straight line, f/p - Ijyb
Aim: Ijyb, wielding a +2 dagger of speed, wearing a +0 leather armour and carrying a wand of light (lightly wounded, 77% to hit)
You miscast Sandblast.
Nothing appears to happen.
Ijyb hits you but does no damage.
Unknown command.
Casting: Sandblast (safe; 9% risk of failure)
Confirm with . or Enter, or press ? or * to list all spells.
Aiming: Sandblast (safe; 9% risk of failure)
Press: ? - help, Shift-Dir - straight line, f/p - Ijyb
Aim: Ijyb, wielding a +2 dagger of speed, wearing a +0 leather armour and carrying a wand of light (lightly wounded, 77% to hit)
You miscast Sandblast.
Nothing appears to happen.
Ijyb hits you but does no damage.
Unknown command.
Casting: Sandblast (safe; 9% risk of failure)
Confirm with . or Enter, or press ? or * to list all spells.
Aiming: Sandblast (safe; 9% risk of failure)
Press: ? - help, Shift-Dir - straight line, f/p - Ijyb
Aim: Ijyb, wielding a +2 dagger of speed, wearing a +0 leather armour and carrying a wand of light (lightly wounded, 77% to hit)
The blast of sand hits Ijyb but does no damage.
Ijyb is lightly wounded.
Ijyb hits you with a +2 dagger of speed.
* * * LOW HITPOINT WARNING * * *
Ijyb hits you with a +2 dagger of speed.
* * * LOW HITPOINT WARNING * * *
Ijyb zaps a wand.
The bolt of light hits you!
You die...

# .+ ############ ?# ######
##......##..###..### ###..##.
#.....†............. #.......
#....#......@g...... #.......
##'#######.......... #.......
#####...##..##..##...... ##......
#...#...#...##### ?..... #..####
........#....'..##..#######...#
....##..##...#..##..###..##...#
....##..##..##...#.......#...####
........##..##...+.......##..##..
######...........#.......##..##..


You could see Ijyb.

Vanquished Creatures
  Sigmund (D:2)
  An orc priest (D:4)
  An orc wizard (D:4)
  8 adders
  An ufetubus (D:4)
  2 dart slugs (D:3)
  4 orcs
  7 ball pythons
  5 endoplasms
  2 giant cockroaches
  10 goblins
  4 hobgoblins
  A jackal (D:3)
  3 bats
  2 frilled lizards
  4 kobolds
  7 rats
63 creatures vanquished.

Notes
Turn   | Place    | Note
-------+----------+-------------------------------------------
     0 | D:1      | randomguy2701 the Gnoll Wanderer began the quest for the
                  | Orb.
     0 | D:1      | randomguy2701 set off with the following items: a +0 club,
                  | a scroll of blinking, a +0 ring mail; and the following
                  | spells available to memorise: Sandblast, Freeze, Necrotise,
                  | Stone Arrow, Dazzling Flash, Sigil of Binding.
     0 | D:1      | Reached XP level 1. HP: 13/13 MP: 8/8
    32 | D:1      | Learned a level 1 spell: Sandblast
   458 | D:1      | Reached XP level 2. HP: 17/19 MP: 7/10
  1060 | D:2      | Noticed Sigmund
  1072 | D:2      | Killed Sigmund
  1073 | D:2      | Reached skill level 1 in Fighting
  1073 | D:2      | Reached skill level 1 in Short Blades
  1073 | D:2      | Reached skill level 1 in Long Blades
  1073 | D:2      | Reached skill level 1 in Axes
  1073 | D:2      | Reached skill level 1 in Maces & Flails
  1073 | D:2      | Reached skill level 1 in Polearms
  1073 | D:2      | Reached skill level 1 in Staves
  1073 | D:2      | Reached skill level 1 in Ranged Weapons
  1073 | D:2      | Reached skill level 1 in Dodging
  1073 | D:2      | Reached skill level 1 in Stealth
  1073 | D:2      | Reached skill level 1 in Shields
  1073 | D:2      | Reached skill level 1 in Unarmed Combat
  1073 | D:2      | Reached skill level 1 in Conjurations
  1073 | D:2      | Reached skill level 1 in Hexes
  1073 | D:2      | Reached skill level 1 in Summonings
  1073 | D:2      | Reached skill level 1 in Necromancy
  1073 | D:2      | Reached skill level 1 in Translocations
  1073 | D:2      | Reached skill level 1 in Transmutations
  1073 | D:2      | Reached skill level 1 in Fire Magic
  1073 | D:2      | Reached skill level 1 in Ice Magic
  1073 | D:2      | Reached skill level 1 in Air Magic
  1073 | D:2      | Reached skill level 1 in Poison Magic
  1073 | D:2      | Reached skill level 1 in Evocations
  1073 | D:2      | Reached skill level 1 in Shapeshifting
  1073 | D:2      | Reached XP level 3. HP: 16/26 MP: 1/11
  1073 | D:2      | Reached XP level 4. HP: 20/32 MP: 1/13
  1073 | D:2      | Reached XP level 5. HP: 23/37 MP: 1/14
  1913 | D:2      | Found a blossoming altar of Fedhas.
  2020 | D:2      | Found a faded altar of an unknown god.
  2025 | D:2      | Prayed at the altar of an unknown god.
  2025 | D:2      | Became a worshipper of the Wu Jian Council
  2025 | D:2      | Reached * piety under Wu Jian
  2251 | D:3      | Reached XP level 6. HP: 44/44 MP: 13/16
  2816 | D:3      | Reached ** piety under Wu Jian
  3085 | D:3      | Found a sparkling altar of Nemelex Xobeh.
  3086 | D:3      | Found a sacrificial altar of Ru.
  3087 | D:3      | Found a glowing silver altar of Zin.
  3087 | D:3      | Found a stormy altar of Qazlal.
  4131 | D:5      | Entered Level 5 of the Dungeon
  4131 | D:5      | Noticed Blork the orc
  4290 | D:4      | Noticed Ijyb
  4301 | D:4      | Killed from afar by Ijyb

Illustrated notes

Levels and vault maps discovered:
D:1:      dpeg_arrival_pond, layout_basic, nicolae_hexahallways
D:2:      layout_loops_corners, shapermc_ecumenical_altar_petra, basic_altar,
          kennysheep_big_empty_room, guppyfry_early_lair_pool, uniq_sigmund
D:3:      cheibrodos_greedy_goblins, layout_basic, minitemple, nrook_campfire,
          minmay_fractal_squares_diagonal_5
D:4:      layout_gridville, mainiacjoe_overflow_surrounded_room, uniq_ijyb
D:5:      layout_rooms, minmay_temple_entry_antechambers, serial_shops, shop,
          uniq_blork_the_orc, uniq_edmund

Skill      XL: |  1  2  3  4  5  6 |
---------------+-------------------+-----
Earth Magic    | 2 |  2.7
Fighting       | 1 2 |  2.1
Short Blades   | 1 2 |  2.1
Long Blades    | 1 2 |  2.1
Axes           | 1 2 |  2.1
Maces & Flails | 1 2 |  2.1
Polearms       | 1 2 |  2.1
Staves         | 1 2 |  2.1
Ranged Weapons | 1 2 |  2.1
Throwing       | 3 |  3.3
Dodging        | 1 2 |  2.1
Stealth        | 1 2 |  2.1
Shields        | 1 2 |  2.1
Unarmed Combat | 1 2 |  2.1
Conjurations   | 1 |  1.6
Hexes          | 1 |  1.6
Summonings     | 1 |  1.6
Necromancy     | 1 |  1.6
Translocations | 1 |  1.6
Transmutations | 1 |  1.6
Fire Magic     | 1 |  1.6
Ice Magic      | 1 |  1.6
Air Magic      | 1 |  1.6
Poison Magic   | 1 |  1.6
Invocations    | 3 |  3.5
Evocations     | 1 2 |  2.1
Shapeshifting  | 1 |  1.9
Armour         | |  6.9
Spellcasting   | |  7.4

Action                     |  1- 3 |  4- 6 || total
---------------------------+-------+-------++-------
  Melee: Club              |    13 |    26 ||    39
         Bite              |     1 |     4 ||     5
   Cast: Sandblast         |    22 |    89 ||   111
Ability: Whirlwind         |       |     2 ||     2
         Lunge             |       |     1 ||     1
 Armour: Ring mail         |    28 |    88 ||   116
  Dodge: Dodged            |    12 |    73 ||    85

Table legend: (Time is in decaauts)
 A = Elapsed time spent in this place.
 B = Non-inter-level travel time spent in this place.
 C = Inter-level travel time spent in this place.
 D = Time resting spent in this place.
 E = Time spent auto-exploring this place.
 F = Levels seen in this place.
 G = Mean time per level.
                   A        B        C        D        E       F      G
               +--------+--------+--------+--------+--------+-----+--------+
         Total |   4367 |   3718 |    649 |      0 |   3302 |   5 |  873.4 |
       Dungeon |   4367 |   3718 |    649 |      0 |   3302 |   5 |  873.4 |
               +--------+--------+--------+--------+--------+-----+--------+

Top non-repeatable levels by time:
     D:3: 1713 daAuts
     D:2: 1248 daAuts
     D:1: 998 daAuts
     D:4: 405 daAuts
     D:5: 1 daAuts
